 Dungeon Crawl Stone Soup version 0.25-a0-603-g0321be95db (webtiles) character file.

Game seed: 6303995119258055018, levelgen mode: deterministic

115 Notrik the Skirmisher (level 5, -1/35 HPs)
             Began as a Gargoyle Fighter on Mar 16, 2020.
             Slain by an orc priest
             ... wielding a +0 dagger
              (3 damage)
             ... on level 3 of the Dungeon.
             The game lasted 00:04:19 (1727 turns).

Notrik the Skirmisher (Gargoyle Fighter)            Turns: 1727, Time: 00:04:20

Health: -1/35      AC: 10    Str: 21    XL:     5   Next: 0%
Magic:  5/5        EV:  7    Int:  8    God:
Gold:   110        SH:  9    Dex:  9    Spells: 4/4 levels left

rFire    . . .     SeeInvis .   a - +1 flail
rCold    . . .     Gourm    .   c - +0 kite shield
rNeg     + . .     Faith    .   b - +0 scale mail
rPois    ∞         Spirit   .   (no helmet)
rElec    +         Reflect  .   (no cloak)
rCorr    .         Harm     .   (no gloves)
MR       .....                  (no boots)
Stlth    ..........             (no amulet)
HPRegen  0.11/turn              (no ring)
MPRegen  0.09/turn              (no ring)

@: no status effects
A: negative energy resistance 1, electricity resistance, unbreathing,
petrification resistance, rot immunity, AC +4
a: no special abilities


You were on level 3 of the Dungeon.
You were not hungry.

You visited 1 branch of the dungeon, and saw 3 of its levels.

You collected 110 gold pieces.

Inventory:

Hand Weapons
 a - a +1 flail (weapon)
Armour
 b - a +0 scale mail (worn)
 c - a +0 kite shield (worn)
 v - a cursed +0 scale mail
   (You found it on level 2 of the Dungeon)
Jewellery
 m - a cursed ring of attention {unknown}
   (You found it on level 2 of the Dungeon)
 n - a cursed -3 ring of intelligence {unknown}
   (You found it on level 2 of the Dungeon)
 y - an uncursed amulet of regeneration {unknown}
   (You found it on level 2 of the Dungeon)
Scrolls
 f - a scroll of identify {unknown}
 g - a scroll of noise {unknown}
 l - a scroll of enchant weapon
 p - a scroll of fog {unknown}
 r - a scroll of random uselessness {unknown}
 u - a scroll of remove curse {unknown}
 w - 2 scrolls of amnesia {unknown}
 x - a scroll of teleportation {unknown}
Potions
 d - 2 potions of might
 h - 2 potions of haste {unknown}
 i - 3 potions of heal wounds {unknown}
 j - 2 potions of curing {unknown}
 k - a potion of brilliance {unknown}
 o - a potion of flight {unknown}
 q - 2 potions of degeneration {unknown}
 s - 2 potions of lignification {unknown}
 z - a potion of stabbing {unknown}
Comestibles
 e - 6 rations {!d}
 t - 2 chunks of flesh


   Skills:
 * Level 5.3 Fighting
 + Level 3.2 Maces & Flails
 - Level 3.2 Armour
 - Level 3.2 Shields


You had 4 spell levels left.
You didn't know any spells.
Your spell library was empty.

Dungeon Overview and Level Annotations

Branches:
Dungeon (3/15)

Altars:

Annotations:
D:3 2 transporters, kuniqs's ghost, weakling DEWz


Innate Abilities, Weirdness & Mutations

You are resistant to torment.
Your stone body is resilient. (AC +4)
You are immune to poison.
You resist negative energy. (rN+)
You are resistant to electric shocks. (rElec)
You can survive without breathing.
You are immune to petrification.
You are immune to rotting.


Message History

No target in view!
No target in view!
No target in view!
The adder is too close now for your liking.
An orc and an orc priest come into view.
The orc shouts!
The orc priest shouts!
You hear a shout!
The orc priest looks satisfied for a moment.
An orc comes into view. It is wielding a +0 hand axe.
The orc shouts!
You block the adder's attack.
You closely miss the adder. The adder barely misses you.
You miss the adder. The adder bites you.
An orc comes into view.
The adder bites you but does no damage.
The orc moves out of view.
You closely miss the adder. You block the adder's attack.
The adder bites you but does no damage.
You closely miss the adder. The adder barely misses you.
The adder bites you but does no damage.
You miss the adder. The adder bites you but does no damage.
The orc priest invokes the aid of Beogh against you.
Beogh smites you!
* * * LOW HITPOINT WARNING * * *
You closely miss the adder. You block the adder's attack.
The adder bites you but does no damage.
Your shield and scale mail prevent you from hitting the adder.
The adder bites you but does no damage.
The orc priest casts a cantrip, but nothing happens.
The adder bites you but does no damage.
An orc comes into view. It is wielding a +0 whip.
You closely miss the adder.
The orc shouts!
The adder bites you but does no damage. You block the adder's attack.
You hit the adder. The adder bites you.
* * * LOW HITPOINT WARNING * * *
You sock the adder!
You kill the adder!
You block the orc's attack.
You barely miss the orc.
The orc shouts!
The orc priest calls down the wrath of Beogh upon you.
Beogh smites you!
* * * LOW HITPOINT WARNING * * *
The orc barely misses you.
You sock the orc!
You kill the orc!
You have reached level 5!
You block the orc priest's attack.
You sock the orc priest! The orc hits you but does no damage.
The orc priest hits you with a +0 dagger.
You die...

.........'....'.
...........##...#.
..#+######.######. .... #.#
#.######. .... +.. #.....##.
..... #.# #.....##' #.# ..... #o#
#........ #.# ......#o#
####........ #.#
......#@#####........... ......
......o.....'...>....... #.#..#
....###.#####........... ##.#..#
........# #...........
.#.#..#####.######## #...........
.#÷#..##....##.....###)..........
...#..##....##.###.#.(...).......
#..#..##....##...#.##.###).......
......##....####'#'##.# #........


You could see an orc priest and 2 orcs.

Vanquished Creatures
  4 adders
  2 worms (D:2)
  3 dart slugs
  6 leopard geckos
  2 orcs (D:3)
  A ball python (D:1)
  4 giant cockroaches
  10 goblins
  6 hobgoblins
  4 jackals (D:2)
  2 kobolds
  3 bats
  4 frilled lizards
  6 rats
57 creatures vanquished.

Notes
Turn   | Place    | Note
-------+----------+-------------------------------------------
     0 | D:1      | Notrik the Gargoyle Fighter began the quest for the Orb.
     0 | D:1      | Reached XP level 1. HP: 14/14 MP: 1/1
   106 | D:1      | You fall into a shaft and drop 1 floor!
   115 | D:2      | Reached XP level 2. HP: 20/20 MP: 2/2
   135 | D:2      | Reached skill level 4 in Fighting
   211 | D:2      | Reached XP level 3. HP: 9/24 MP: 3/3
  1076 | D:2      | Reached XP level 4. HP: 30/30 MP: 4/4
  1151 | D:2      | Reached skill level 5 in Fighting
  1478 | D:3      | Noticed kuniqs's ghost (weakling DEWz)
  1502 | D:3      | Found a transporter.
  1516 | D:3      | Found a transporter.
  1725 | D:3      | HP: 1/31 [orc priest/divine providence (12)]
  1726 | D:3      | Reached XP level 5. HP: 2/35 MP: 5/5
  1727 | D:3      | Slain by an orc priest

Levels and vault maps discovered:
D:1:      dpeg_arrival_pits, layout_basic, minmay_misc_feat_iff
D:2:      layout_rooms, serial_forest, infiniplex_forest_clump_double,
          infiniplex_forest_clump_long, infiniplex_forest_diagonal,
          infiniplex_forest_lined_2, first_ration
D:3:      layout_basic, gammafunk_ghost_stat_death

Skill      XL: |  1  2  3  4 |
---------------+-------------+-----
Fighting       | 4 5 |  5.3
Maces & Flails | 3 |  3.2
Armour         | |  3.2
Shields        | |  3.2

Action                   |  1- 3 |  4- 6 || total
-------------------------+-------+-------++-------
Melee: Flail             |   148 |   111 ||   259
  Use: Scroll            |       |     1 ||     1
  Eat: Chunk             |     1 |     2 ||     3
Armor: Scale mail        |    94 |    73 ||   167
Dodge: Dodged            |    50 |    34 ||    84
Block: Kite shield       |    89 |    72 ||   161

Table legend:
 A = Non-vault XP
 B = Vault XP
 C = Vault XP percentage of total XP
 D = Non-vault monster count
 E = Vault monster count
 F = Vault count percentage of total count
                 A         B        C        D         E       F
            +---------+---------+-------+---------+---------+-------
      Total |     165 |       0 |   0.0 |      57 |       0 |   0.0
            +---------+---------+-------+---------+---------+-------
        D:1 |      38 |       0 |   0.0 |      18 |       0 |   0.0
        D:2 |      78 |       0 |   0.0 |      26 |       0 |   0.0
        D:3 |      49 |       0 |   0.0 |      13 |       0 |   0.0
            +---------+---------+-------+---------+---------+-------
